[Event "Titled Tuesday Blitz July 26 Early 2022"]
[White "Smietanska, Wiktoria"]
[Black "Janaszak, Dawid"]
[WhiteFideId "21869359"]
[BlackFideId "1119206"]
[WhiteElo "1883"]
[BlackElo "2199"]
[Result "1-0"]
[Round "06"]
[TimeControl "180+1"]
[Date "2022.07.27"]
[WhiteClock "0:00:06"]
[BlackClock "0:00:44"]

1. c4 Nf6 2. Nc3 g6 3. g3 Bg7 4. Bg2 O-O 5. e4 d6 6. Nge2 c5 7. d3 Nc6 8. O-O Rb8 9. h3 a6 10. a4 Ne8 11. Be3 Nd4 12. Rb1 b5 13. axb5 axb5 14. Bxd4 cxd4 15. Nxb5 e5 16. b4 Bd7 17. Na3 Nc7 18. b5 Ne6 19. Nc2 f5 20. exf5 gxf5 21. Nb4 f4 22. Bd5 Kh8 23. Nc6 Qg5 24. Nxb8 Rxb8 25. Kh2 Nc5 26. Ng1 Qh6 27. g4 Bf6 28. f3 Bh4 29. Ne2 Qg6 30. Be4 Qf7 31. Ra1 Be6 32. Ra8 Rxa8 33. Bxa8 Qa7 34. Qa1 Qe7 35. Be4 Qf8 36. Qa8 Kg7 37. Qxf8+ Kxf8 38. b6 Bc8 39. Ra1 Nxe4 40. dxe4 d3 41. Nc3 d2 42. Rb1 Bb7 43. Ra1 Bf2 44. Ra7 Bd4 45. Nd1 Bxe4 46. fxe4 Bxb6 47. Ra2 Ke7 48. Rxd2 Bd4 49. Kg2 Kd7 50. Kf3 Kc6 51. Ra2 Kc5 52. Nb2 Kb4 53. Nd3+ Kb3 54. Ra6 Kxc4 55. Nf2 Kc3 56. Rxd6 Be3 57. Rh6 Kc4 58. Rxh7 Kc5 59. g5 Kd6 60. g6 Ke6 61. g7 Kf6 62. h4 Ke7 63. h5 Kf7 64. h6 Kg8 65. Rh8+ Kf7 66. g8=Q+ Kf6 67. Qg7+ 1-0


[Site "https://www.chess.com"]

[Event "Titled Tuesday Blitz July 26 Early 2022"]
[White "Sychev, Klementy"]
[Black "Malyi, Viacheslav"]
[WhiteFideId "4114060"]
[BlackFideId "14123983"]
[WhiteElo "2564"]
[BlackElo "2210"]
[Result "1-0"]
[Round "06"]
[TimeControl "180+1"]
[Date "2022.07.27"]
[WhiteClock "0:00:06"]
[BlackClock "0:00:19"]

1. d4 d5 2. Nc3 Nf6 3. Bf4 a6 4. e3 e6 5. g4 c5 6. g5 Nfd7 7. Nf3 b5 8. h4 Nc6 9. h5 b4 10. Na4 Qa5 11. b3 Nb6 12. Bc7 Rb8 13. Bh3 Rb7 14. Bxb6 Rxb6 15. Nxb6 Qxb6 16. Qd2 cxd4 17. exd4 Bd6 18. Rg1 g6 19. Qe3 Qc7 20. Rg4 O-O 21. Rh4 Re8 22. hxg6 fxg6 23. O-O-O Re7 24. Rh1 a5 25. Kb1 a4 26. Bg4 axb3 27. cxb3 Na5 28. Qd3 Rg7 29. Rc1 Qa7 30. Qb5 Re7 31. Rxc8+ Kg7 32. Rc2 Rb7 33. Qd3 Rb8 34. Rc1 Ra8 35. Rch1 Rh8 36. Bxe6 Nc6 37. Bxd5 Na5 38. Qe4 Qd7 39. Qe6 Qd8 40. Rxh7+ Rxh7 41. Rxh7+ Kxh7 42. Qh3+ Kg7 43. Qh6# 1-0


[Site "https://www.chess.com"]

[Event "Titled Tuesday Blitz July 26 Early 2022"]
[White "Tarasova, Viktoriya"]
[Black "Omariev, Maksim"]
[WhiteFideId "4175840"]
[BlackFideId "4193423"]
[WhiteElo "2182"]
[BlackElo "2498"]
[Result "0-1"]
[Round "06"]
[TimeControl "180+1"]
[Date "2022.07.27"]
[WhiteClock "0:00:06"]
[BlackClock "0:00:10"]

1. d4 h5 2. c4 h4 3. h3 d6 4. Nf3 Nc6 5. d5 Ne5 6. Nxe5 dxe5 7. Nc3 e6 8. e4 Ne7 9. Be3 Ng6 10. Qc2 exd5 11. cxd5 a6 12. Be2 Bd6 13. O-O O-O 14. a4 Nf4 15. Bf3 Qg5 16. Kh2 f5 17. g3 hxg3+ 18. fxg3 Rf6 19. gxf4 exf4 20. Bd4 Qg3+ 21. Kh1 Rh6 22. Bg2 f3 23. e5 fxg2+ 24. Qxg2 Rxh3+ 25. Kg1 Qh4 26. Ne2 Be7 27. Rf4 Qh6 28. Raf1 Bg5 29. R4f3 f4 30. e6 Rh4 31. e7 Bd7 32. Nxf4 Bxe7 33. Ne6 Bxe6 34. dxe6 Bd6 35. Rf7 Rxd4 36. e7 Bc5 37. Rf8+ Rxf8 38. exf8=Q+ Bxf8 39. Qxb7 Rd7 40. Qf3 Qb6+ 41. Kh1 Qd6 42. Qf5 Qd5+ 43. Qxd5+ Rxd5 44. Kg2 Ra5 45. b3 Rg5+ 46. Kh3 Rh5+ 47. Kg4 Rh6 48. Rf3 Rd6 49. Rf5 Rd7 50. Ra5 Rd6 51. Kf5 Rb6 52. Rd5 Bd6 53. Rd3 Rb4 54. Ke6 Kh7 55. Kf7 Kh6 56. Rh3+ Kg5 57. Kxg7 a5 58. Kf7 Re4 59. Rd3 Bb4 60. Rd7 c5 61. Rd5+ Kg4 62. Rd7 Kf3 63. Rd3+ Ke2 64. Rd7 Ke3 65. Rd6 Rd4 66. Re6+ Kd3 67. Rh6 Kc2 68. Rh3 Rd3 69. Rh2+ Kxb3 70. Ke6 c4 0-1


[Site "https://www.chess.com"]

[Event "Titled Tuesday Blitz July 26 Early 2022"]
[White "Urbina Perez, Juan Antonio"]
[Black "Mikhailovsky, Vladimir"]
[WhiteFideId "2217368"]
[BlackFideId "34105414"]
[WhiteElo "2192"]
[BlackElo "2303"]
[Result "0-1"]
[Round "06"]
[TimeControl "180+1"]
[Date "2022.07.27"]
[WhiteClock "0:00:37"]
[BlackClock "0:00:40"]

1. e4 c6 2. d4 d5 3. e5 Bf5 4. Nd2 e6 5. Nb3 a6 6. a4 c5 7. dxc5 Bxc5 8. Nxc5 Qa5+ 9. c3 Qxc5 10. Be3 Qc7 11. Nf3 Nd7 12. Bd4 Ne7 13. Bd3 O-O 14. O-O Nc5 15. Bc2 b5 16. axb5 axb5 17. Rxa8 Rxa8 18. Bxf5 Nxf5 19. Qe2 Nb3 20. Qxb5 Rb8 21. Qe2 Nbxd4 22. cxd4 Qb6 23. Qd2 Qxb2 24. Qxb2 Rxb2 25. Rd1 Kf8 26. g4 Ne7 27. Rc1 Ng6 28. Rc8+ Ke7 29. Rc7+ Ke8 30. Ng5 Nf4 31. h3 h6 32. Nxf7 Nxh3+ 33. Kg2 Rxf2+ 34. Kxh3 Rxf7 35. Rc6 Kd7 36. Rd6+ Ke7 37. Ra6 Rf3+ 38. Kh4 Kf7 39. g5 Rf4+ 40. Kg3 hxg5 41. Ra7+ Kg6 42. Re7 Kf5 43. Rxg7 Rxd4 44. Rf7+ Kxe5 45. Rg7 Kf6 46. Rg8 Ra4 47. Rf8+ Ke5 48. Rg8 d4 49. Rxg5+ Ke4 50. Kf2 Ra2+ 51. Ke1 e5 52. Rg4+ Kd3 53. Rg3+ Kc4 54. Kd1 e4 55. Rg8 e3 56. Rb8 Kd3 57. Rb3+ Ke4 58. Rb8 Ra1+ 59. Kc2 e2 60. Re8+ Kf3 61. Rf8+ Kg4 62. Rg8+ Kf5 63. Rf8+ Kg6 0-1


[Site "https://www.chess.com"]

[Event "Titled Tuesday Blitz July 26 Early 2022"]
[White "Vivekananthan, Anish"]
[Black "Prestia, Paris"]
[WhiteFideId "2090775"]
[BlackFideId "30925959"]
[WhiteElo "2772"]
[BlackElo "2618"]
[Result "0-1"]
[Round "06"]
[TimeControl "180+1"]
[Date "2022.07.26"]
[WhiteClock "0:00:03"]
[BlackClock "0:00:15"]

1. d4 Nf6 2. Nf3 e6 3. c4 d5 4. Nc3 c6 5. e3 Nbd7 6. Be2 dxc4 7. a4 Be7 8. O-O O-O 9. Nd2 c5 10. Nxc4 cxd4 11. exd4 Nb6 12. Ne5 Nbd5 13. Bf3 Bd7 14. Bg5 Bc6 15. Nxc6 bxc6 16. Qe2 h6 17. Bh4 Rb8 18. Bg3 Bd6 19. a5 Rb4 20. Rfd1 Qb8 21. Ra2 Rd8 22. Qc2 Bxg3 23. hxg3 Ne7 24. Ne2 Qb5 25. Rd3 Rd6 26. Rc3 Nf5 27. Bxc6 Qb8 28. Be4 Rd8 29. Bxf5 exf5 30. Qxf5 Rxb2 31. Rxb2 Qxb2 32. Re3 Qa1+ 33. Kh2 Qd1 34. g4 Nd5 35. Re5 Nf6 36. f3 Qd2 37. Kg3 Qb4 38. Qf4 Qd6 39. Rf5 Qe7 40. Qe5 Qd7 41. Qc5 Re8 42. Re5 Rc8 43. Qb5 Qd6 44. Qd3 Rd8 45. Kf2 Qxe5 0-1


[Site "https://www.chess.com"]

[Event "Titled Tuesday Blitz July 26 Early 2022"]
[White "Williams, Simon K"]
[Black "Makovec, Bruno"]
[WhiteFideId "404454"]
[BlackFideId "14536331"]
[WhiteElo "2468"]
[BlackElo "2316"]
[Result "0-1"]
[Round "06"]
[TimeControl "180+1"]
[Date "2022.07.27"]
[WhiteClock "0:00:08"]
[BlackClock "0:00:09"]

1. e4 c6 2. Bc4 d5 3. Bb3 dxe4 4. Qh5 g6 5. Qh4 Bf5 6. f3 exf3 7. Nxf3 e6 8. Qf2 Bg7 9. d4 Nf6 10. h3 O-O 11. O-O Ne4 12. Qe3 Nf6 13. Nc3 Nd5 14. Nxd5 exd5 15. Qf2 Nd7 16. Bg5 Qc7 17. Qh4 f6 18. Bf4 Qd8 19. Qf2 Be4 20. c3 Nb6 21. Nd2 Bf5 22. g4 Be6 23. Rae1 Qd7 24. a4 Rae8 25. a5 Nc4 26. Bxc4 dxc4 27. Ne4 Bd5 28. Nc5 Qc8 29. Bd6 Rxe1 30. Rxe1 Re8 31. Kh2 Rxe1 32. Qxe1 b6 33. Nb7 h5 34. gxh5 gxh5 35. a6 Qf5 36. Qe2 Kh7 37. Bb8 Bh6 38. Nd8 Bf4+ 39. Bxf4 Qxf4+ 40. Kg1 Qg3+ 41. Kf1 Qxh3+ 42. Ke1 Qh1+ 43. Kd2 Qg2 44. Qxg2 Bxg2 45. Ke3 h4 46. Kf2 h3 47. Ne6 Kg6 48. Nc7 Kf7 49. d5 Ke7 50. Na8 Bxd5 51. Nxb6 axb6 0-1


[Site "https://www.chess.com"]

[Event "Titled Tuesday Blitz July 26 Early 2022"]
[White "Xu, Yi"]
[Black "Zierk, Steven"]
[WhiteFideId "8605564"]
[BlackFideId "2034255"]
[WhiteElo "2471"]
[BlackElo "2494"]
[Result "1-0"]
[Round "06"]
[TimeControl "180+1"]
[Date "2022.07.26"]
[WhiteClock "0:00:03"]
[BlackClock "0:00:02"]

1. e4 e6 2. d4 d5 3. Nd2 c5 4. exd5 Qxd5 5. Ngf3 cxd4 6. Bc4 Qd7 7. O-O Nc6 8. Nb3 Nf6 9. Nbxd4 Nxd4 10. Nxd4 a6 11. Re1 Bd6 12. Nxe6 fxe6 13. Rxe6+ Be7 14. Qe2 Kf8 15. Bf4 b5 16. Re1 Ra7 17. Bb3 Qd8 18. Re5 Bg4 19. Qe3 Rd7 20. h3 Bh5 21. Rxh5 Nxh5 22. Qe6 Bb4 23. Re4 Nf6 24. Rxb4 Qe7 25. Qxe7+ Kxe7 26. a4 bxa4 27. Rxa4 Ra8 28. Be3 Nd5 29. Bc5+ Kf6 30. Bc4 a5 31. Bb5 Rc7 32. Bd4+ Kf7 33. Bc4 Rd8 34. b3 Kg6 35. Rxa5 Nf4 36. Ra6+ Kf5 37. Ra5+ Kg6 38. Be3 Rd1+ 39. Kh2 Rxc4 40. bxc4 Ne6 41. Ra6 Kf7 42. c5 Rd7 43. Rd6 Ra7 44. c6 Ra2 45. c7 Rxc2 46. Rd7+ Ke8 47. Rd6 Nxc7 48. Rd4 Ne6 49. Re4 Kf7 50. Kg3 g5 51. Ra4 h5 52. Ra7+ Kf6 53. Ra6 Rc4 54. Kf3 Kf5 55. Ra5+ Kg6 56. g3 g4+ 57. Kg2 gxh3+ 58. Kxh3 Ng7 59. Ra6+ Kf7 60. Rh6 Nf5 61. Rxh5 Nxe3 62. fxe3 Re4 63. Rf5+ Kg6 64. Rf3 Kg5 65. Kg2 Rb4 66. Rf4 Rb1 67. Kf3 Rf1+ 68. Kg2 Rc1 69. Kf2 Ra1 70. Rc4 Rb1 71. Rc5+ Kg4 72. Rc4+ Kf5 73. Rf4+ Kg5 74. Kf3 Rf1+ 75. Kg2 Rc1 76. Re4 Kf5 77. Re8 Rb1 78. Rf8+ Ke4 79. Re8+ Kf5 80. Kf2 Rc1 81. e4+ Kg5 82. Kf3 Rc3+ 83. Kf2 Rb3 84. Rg8+ 1-0


[Site "https://www.chess.com"]

[Event "Titled Tuesday Blitz July 26 Early 2022"]
[White "Zemlyanskii, Ivan"]
[Black "Shtyka, Sergey"]
[WhiteFideId "24249971"]
[BlackFideId "4138465"]
[WhiteElo "1815"]
[BlackElo "1995"]
[Result "1-0"]
[Round "06"]
[TimeControl "180+1"]
[Date "2022.07.27"]
[WhiteClock "0:00:18"]
[BlackClock "0:00:01"]

1. d4 c5 2. d5 e5 3. e4 d6 4. Bb5+ Bd7 5. a4 Be7 6. Nf3 a6 7. Bxd7+ Nxd7 8. Nc3 Ngf6 9. Nd2 O-O 10. O-O Ne8 11. Qe2 Bg5 12. g3 Bxd2 13. Bxd2 Nc7 14. a5 Qe7 15. Rae1 Rab8 16. f4 exf4 17. gxf4 f6 18. Kh1 Rbe8 19. Rg1 f5 20. Qg2 Qf7 21. exf5 Rxe1 22. Bxe1 Nf6 23. Bh4 Ncxd5 24. Nxd5 Qxd5 25. Bxf6 Qxg2+ 26. Rxg2 Rxf6 27. Rd2 Kf7 28. Rd5 g6 29. fxg6+ hxg6 30. Kg2 Ke6 31. Rg5 d5 32. Kf3 Kd6 33. h4 Ke6 34. c3 Kd6 35. Re5 Rf7 36. Kg4 d4 37. cxd4 cxd4 38. Kf3 Rh7 39. Rg5 Rxh4 40. Rxg6+ Kd5 41. Rb6 Rh7 42. b3 Rf7 43. Rb4 Kc5 44. Rb6 Kd5 45. Rb4 Kc5 46. Rc4+ Kd5 47. Rc8 Rd7 48. Re8 Rc7 49. f5 Rc3+ 50. Kg4 Rxb3 51. f6 Rb1 52. f7 Rf1 53. f8=Q Rxf8 54. Rxf8 Kc5 55. Kf3 Kb5 56. Rf5+ Kc6 57. Ke4 b6 58. axb6 Kxb6 59. Kxd4 1-0


[Site "https://www.chess.com"]

[Event "Titled Tuesday Blitz July 26 Early 2022"]
[White "parintele_chess"]
[Black "Vidonyak, Roman"]
[BlackFideId "14100622"]
[WhiteElo "2228"]
[BlackElo "2356"]
[Result "1/2-1/2"]
[Round "06"]
[TimeControl "180+1"]
[Date "2022.07.27"]
[WhiteClock "0:00:03"]
[BlackClock "0:00:28"]

1. d4 Nf6 2. c4 g6 3. Nc3 d5 4. cxd5 Nxd5 5. e4 Nxc3 6. bxc3 Bg7 7. Nf3 c5 8. Be3 Qa5 9. Qd2 cxd4 10. cxd4 Qxd2+ 11. Kxd2 O-O 12. Bd3 Nc6 13. Rac1 Rd8 14. d5 Na5 15. Ke2 Bg4 16. h3 Bxf3+ 17. gxf3 Rac8 18. Bxa7 Bh6 19. Be3 Bxe3 20. Kxe3 Ra8 21. Rc7 Kf8 22. Rhc1 h5 23. h4 Rd6 24. Rc8+ Rxc8 25. Rxc8+ Kg7 26. Ra8 b6 27. Ra7 Kf8 28. Ra8+ Kg7 29. Bb5 g5 30. hxg5 h4 31. Kf4 Rg6 32. Kg4 h3 33. Kxh3 Rxg5 34. Re8 Kf6 35. f4 Rg1 36. Kh2 Rd1 37. e5+ Kf5 38. Rxe7 Kxf4 39. d6 f6 40. exf6 Rxd6 41. f7 Rf6 42. Be8 Nc4 43. Kg2 Nd6 44. Rd7 Ne4 45. f3 Nc5 46. Re7 Kg5 47. Kg3 Nd3 48. Re4 Kh6 49. Rh4+ Kg7 50. Rg4+ Kf8 51. Rg8+ Ke7 52. f8=Q+ Rxf8 53. Rxf8 Kxf8 54. Bb5 Nc5 55. a4 Ke7 56. Kf4 Kf6 57. Ke3 Ke5 58. f4+ Kf5 59. Bd3+ Kf6 60. Kd4 Nxa4 61. Bb5 Nc5 62. Kd5 Kf5 63. Kc6 Kxf4 64. Kxb6 1/2-1/2


[Site "https://www.chess.com"]

[Event "Titled Tuesday Blitz July 26 Early 2022"]
[White "Aaditya Dhingra"]
[Black "Legenia, Artem"]
[WhiteFideId "25678191"]
[BlackFideId "14136945"]
[WhiteElo "1849"]
[BlackElo "1936"]
[Result "1-0"]
[Round "07"]
[TimeControl "180+1"]
[Date "2022.07.27"]
[WhiteClock "0:00:18"]
[BlackClock "0:00:07"]

1. Nf3 f5 2. d3 e6 3. e4 g6 4. g3 Bg7 5. Bg2 fxe4 6. dxe4 d6 7. O-O e5 8. Nc3 Nf6 9. Bg5 Be6 10. Re1 Nbd7 11. Nd2 O-O 12. Nf1 h6 13. Bc1 Bg4 14. f3 Be6 15. Ne3 h5 16. h4 Bh6 17. Ned5 Bxc1 18. Rxc1 Kg7 19. Qd2 Nb6 20. Rcd1 Nbxd5 21. exd5 Bf5 22. f4 exf4 23. Qxf4 Ng4 24. Qd4+ Qf6 25. Nb5 Rf7 26. Qxf6+ Kxf6 27. Nd4 Ne5 28. Nxf5 gxf5 29. Kf2 Rg8 30. Rd4 Rg4 31. Rf4 Ng6 32. Rxg4 fxg4 33. Re6+ Kg7+ 34. Ke2 Ne5 35. Re8 Rf8 36. Rxf8 Kxf8 37. b3 Kg7 38. Ke3 Kf6 39. Kf4 c5 40. dxc6 bxc6 41. c4 c5 42. Ke4 Ke6 43. Ke3 Kf5 44. a3 Nd7 45. Bb7 Ke5 46. Be4 Nf6 47. Bg6 d5 48. cxd5 Nxd5+ 49. Kd3 Nf6 50. b4 cxb4 51. axb4 Kd5 52. Bf7+ Kd6 53. Kd4 Kc6 54. Ke5 Nd7+ 55. Kf5 Kd6 56. Bxh5 Ne5 57. Bxg4 Nd3 58. h5 Nxb4 59. h6 1-0


[Site "https://www.chess.com"]

[Event "Titled Tuesday Blitz July 26 Early 2022"]
[White "Abdyzhapar, Asylbek"]
[Black "Mitrabha, Guha"]
[WhiteFideId "13800337"]
[BlackFideId "5057000"]
[WhiteElo "2323"]
[BlackElo "2499"]
[Result "0-1"]
[Round "07"]
[TimeControl "180+1"]
[Date "2022.07.26"]
[WhiteClock "0:02:00"]
[BlackClock "0:01:51"]

1. c4 g6 2. Nf3 Bg7 3. g3 c5 4. Bg2 Nc6 5. O-O e6 6. Nc3 Nge7 7. d4 cxd4 8. Nb5 Nf5 9. g4 a6 10. gxf5 axb5 11. cxb5 Ne7 12. Bg5 gxf5 13. Nxd4 d5 14. e3 O-O 15. a4 e5 16. Ne2 Be6 17. f4 f6 18. Bh4 Qd7 19. Qd3 Ng6 20. Bf2 d4 21. exd4 e4 22. Qe3 Kh8 23. Rfd1 Bd5 24. Bh3 Rg8 25. Ng3 Nh4 26. Kh1 Bh6 27. Nh5 Qf7 28. Bxh4 Qxh5 29. Bxf6+ Bg7 30. Bxg7+ Rxg7 31. Rg1 Rag8 32. Rxg7 Rxg7 33. a5 Qf3+ 34. Qxf3 exf3 35. Bf1 f2+ 0-1


[Site "https://www.chess.com"]

[Event "Titled Tuesday Blitz July 26 Early 2022"]
[White "Amburgy, Ryan"]
[Black "Kamsky, Gata"]
[WhiteFideId "30924820"]
[BlackFideId "2000024"]
[WhiteElo "2066"]
[BlackElo "2645"]
[Result "0-1"]
[Round "07"]
[TimeControl "180+1"]
[Date "2022.07.26"]
[WhiteClock "0:01:18"]
[BlackClock "0:01:41"]

1. d4 Nf6 2. c4 g6 3. Nc3 Bg7 4. e4 d6 5. Nf3 O-O 6. Be2 Bg4 7. O-O c6 8. Bf4 a6 9. h3 Bxf3 10. Bxf3 Nfd7 11. d5 b5 12. dxc6 Nxc6 13. cxb5 axb5 14. Qd5 Nd4 15. Nxb5 Nb6 16. Qxd4 Bxd4 17. Nxd4 e5 18. Bh6 exd4 19. Bxf8 Kxf8 20. Rfd1 Qf6 21. e5 dxe5 22. Bxa8 Nxa8 23. a4 Nc7 24. b4 Qb6 25. b5 Qa5 26. Rdc1 Nd5 27. Ra3 Nc3 28. Kf1 Qb4 29. Rca1 d3 30. b6 d2 31. b7 d1=Q+ 32. Rxd1 Nxd1 33. Rd3 Qxb7 34. Rxd1 Qa6+ 35. Kg1 Qxa4 36. Re1 Qd4 37. g3 f5 38. Kg2 g5 39. Re3 h5 40. Ra3 Qd5+ 41. Kg1 h4 42. Re3 f4 43. gxf4 gxf4 44. Re1 e4 45. Ra1 e3 46. fxe3 fxe3 47. Kh2 Qe5+ 48. Kg2 Qxa1 0-1


[Site "https://www.chess.com"]

[Event "Titled Tuesday Blitz July 26 Early 2022"]
[White "Andreikin, Dmitry"]
[Black "Xu, Yi"]
[WhiteFideId "4158814"]
[BlackFideId "8605564"]
[WhiteElo "2736"]
[BlackElo "2471"]
[Result "1-0"]
[Round "07"]
[TimeControl "180+1"]
[Date "2022.07.26"]
[WhiteClock "0:00:33"]
[BlackClock "0:00:01"]

1. d4 Nf6 2. c4 e6 3. Nf3 d5 4. g3 Bb4+ 5. Bd2 Be7 6. Bg2 O-O 7. O-O c6 8. Bf4 Nbd7 9. Nc3 dxc4 10. e4 a5 11. Re1 Re8 12. h4 b5 13. d5 exd5 14. exd5 Bb7 15. Ng5 Rc8 16. d6 Bf8 17. Nxb5 Rxe1+ 18. Qxe1 h6 19. Ne4 cxb5 20. Nxf6+ Qxf6 21. Bxb7 Rb8 22. Be4 g5 23. hxg5 hxg5 24. Be3 Bxd6 25. Rd1 Bb4 26. Qe2 Ne5 27. Qh5 Ng6 28. Bd4 Ne5 29. f4 gxf4 30. Bxe5 Bc5+ 31. Kg2 f3+ 32. Bxf3 1-0


[Site "https://www.chess.com"]

[Event "Titled Tuesday Blitz July 26 Early 2022"]
[White "Ansh M Shah"]
[Black "Matveeva, Olga"]
[WhiteFideId "25033379"]
[BlackFideId "24107018"]
[WhiteElo "1819"]
[BlackElo "2052"]
[Result "1-0"]
[Round "07"]
[TimeControl "180+1"]
[Date "2022.07.27"]
[WhiteClock "0:00:06"]
[BlackClock "0:00:01"]

1. d4 e6 2. c4 Nf6 3. Nf3 Bb4+ 4. Bd2 Qe7 5. g3 Nc6 6. a3 Bxd2+ 7. Qxd2 O-O 8. Nc3 d6 9. Bg2 e5 10. d5 Nb8 11. e4 Nbd7 12. b4 a5 13. O-O Ne8 14. Rfc1 g6 15. Ne1 f5 16. Nd3 Ng7 17. Nb5 Nf6 18. Nc3 fxe4 19. Nxe4 Nf5 20. c5 Nxe4 21. Bxe4 Nd4 22. Qe3 Bf5 23. cxd6 cxd6 24. Bxf5 Rxf5 25. f4 Nb3 26. bxa5 Nxa1 27. Rxa1 Rxa5 28. g4 Rf8 29. fxe5 Rxd5 30. Qe4 Rxd3 31. Qxd3 Qxe5 32. Qb3+ d5 33. Rd1 Rd8 34. Qxb7 Qe3+ 35. Kg2 Qe2+ 36. Kg3 Qxd1 37. Qe7 Qg1+ 38. Kh3 Rf8 39. Qe6+ Rf7 40. Qe8+ Kg7 41. Qe5+ Kf8 42. Qh8+ Ke7 43. Qe5+ Kf8 44. Qh8+ Ke7 45. Qe5+ Kd7 46. Qxd5+ Ke7 47. Qe5+ Kf8 48. Qh8+ Ke7 49. Qe5+ Kd7 50. Qd5+ Ke8 51. Qe6+ Re7 52. Qc8+ Kf7 53. Qc4+ Kg7 54. Qc3+ Kg8 55. Qc8+ Kf7 56. Qc4+ Re6 57. Qc7+ Kf6 58. Qf4+ Ke7 59. Qc7+ Kf6 60. Qf4+ Kg7 61. Qc7+ Kf8 62. Qd8+ Re8 63. Qf6+ Kg8 64. Qc6 Qe3+ 65. Kh4 Qe7+ 66. Kg3 Rf8 67. Qc4+ Qf7 68. Qc5 Qf4+ 69. Kh4 Qf6+ 70. Kg3 Qf4+ 71. Kh4 Qxh2+ 72. Kg5 Qf4+ 73. Kh4 g5+ 74. Kh5 1-0


[Site "https://www.chess.com"]

[Event "Titled Tuesday Blitz July 26 Early 2022"]
[White "Aravindh, Chithambaram VR."]
[Black "Howell, David W L"]
[WhiteFideId "5072786"]
[BlackFideId "410608"]
[WhiteElo "2577"]
[BlackElo "2559"]
[Result "1/2-1/2"]
[Round "07"]
[TimeControl "180+1"]
[Date "2022.07.26"]
[WhiteClock "0:00:06"]
[BlackClock "0:00:09"]

1. g3 c5 2. Bg2 d5 3. Nf3 Nf6 4. O-O g6 5. c4 Bg7 6. d4 cxd4 7. cxd5 O-O 8. Nxd4 Nxd5 9. Nc3 Nxc3 10. bxc3 Nc6 11. Rb1 Nxd4 12. cxd4 Qxd4 13. Qxd4 Bxd4 14. Bh6 Rd8 15. Bxb7 Rb8 16. Bxc8 Rdxc8 17. Rxb8 Rxb8 18. Rc1 f6 19. Rc4 Rd8 20. Bc1 Kf7 21. Kg2 h5 22. Kf3 Bb6 23. Be3 Rd5 24. Bxb6 axb6 25. Rb4 b5 26. Ke3 Ke6 27. f3 Kd6 28. a4 bxa4 29. Rxa4 Ke6 30. h4 Kf7 31. Rb4 Ra5 32. Kf2 Rc5 33. Rd4 Rb5 34. Rc4 Ra5 35. Rc7 Ra6 36. Rc5 Re6 37. f4 f5 38. Kf3 Ra6 39. Rc3 Ra4 40. Rb3 Rc4 41. Rd3 Ra4 42. Rb3 Rc4 43. Ra3 Rb4 44. Rc3 Rb6 45. e4 Rf6 46. exf5 gxf5 47. Rb3 Ra6 48. Rc3 Kg6 49. Rb3 Rd6 50. Re3 Kf6 51. Ra3 Rb6 52. Re3 Ra6 53. Rb3 Rd6 54. Rc3 Rb6 55. Rd3 Ra6 56. Re3 Rc6 57. Rd3 Rc8 58. Re3 Rg8 59. Ra3 Rb8 60. Ra6+ e6 61. Ra3 Rb7 62. Rd3 Rg7 63. Ra3 Re7 64. Ra8 Rb7 65. Rf8+ Kg7 66. Re8 Rb3+ 67. Kf2 Kf7 68. Rh8 Rb2+ 69. Kf3 Kg6 70. Rg8+ Kf6 71. Rg5 Rb3+ 72. Kf2 Rb2+ 73. Kf3 Rb3+ 74. Kg2 Rb2+ 75. Kh3 Rb1 76. Rxh5 Rb2 77. Rg5 Ra2 78. h5 Rb2 79. Rg6+ Kf7 80. Kh4 Rg2 81. Kh3 Ra2 82. Rg5 Kf6 83. h6 Ra1 84. Kh2 Ra7 85. Kg2 Rh7 86. Rh5 Kg6 87. Rg5+ Kf6 88. Rh5 Kg6 89. Rg5+ Kxh6 90. Kf3 Ra7 91. Rg8 Kh7 92. Rg5 Ra3+ 93. Kg2 Kh6 94. Rg8 Ra7 95. Re8 Ra6 96. Kh3 Kg6 97. Kh4 Kf7 98. Rb8 Ra3 99. Rb7+ Kf6 100. g4 fxg4 101. Kxg4 Ra1 102. Rb6 Rg1+ 103. Kf3 Rf1+ 104. Ke4 Re1+ 105. Kf3 Rf1+ 106. Ke4 Re1+ 107. Kf3 Ke7 108. Rb5 Kf7 109. Ra5 Rf1+ 110. Ke4 Kf6 111. Rb5 Re1+ 112. Kf3 Ra1 113. Ke4 Ra4+ 114. Kf3 Ra3+ 115. Ke4 Ra8 116. Kf3 Rg8 117. Ke4 Rh8 118. Rb6 Rh4 119. Ra6 Rg4 120. Kf3 Rg8 121. Ke4 Rb8 122. Rc6 Rb4+ 123. Kf3 Rb3+ 124. Ke4 Ra3 125. Rc5 Ra4+ 126. Kf3 Ra8 127. Ke4 Ra4+ 128. Kf3 Ra3+ 129. Ke4 Ra4+ 1/2-1/2


[Site "https://www.chess.com"]

[Event "Titled Tuesday Blitz July 26 Early 2022"]
[White "Ardila, Oscar Humberto"]
[Black "Winkels, Marcel"]
[WhiteFideId "4404742"]
[BlackFideId "1003887"]
[WhiteElo "1956"]
[BlackElo "1900"]
[Result "1-0"]
[Round "07"]
[TimeControl "180+1"]
[Date "2022.07.27"]
[WhiteClock "0:00:07"]
[BlackClock "0:00:01"]

1. d4 Nf6 2. c4 e6 3. Nc3 d5 4. cxd5 exd5 5. Bg5 Bb4 6. Nf3 O-O 7. e3 Bf5 8. Be2 c6 9. O-O Nbd7 10. Qb3 Be7 11. Qxb7 Rb8 12. Qxc6 Rxb2 13. Rfe1 Nb6 14. Ne5 h6 15. Bh4 Ne4 16. Bxe7 Qxe7 17. Nxd5 Qh4 18. g3 Qh3 19. Ne7+ Kh8 20. Nxf7+ Kh7 21. Nxf5 Qxf5 22. f3 Rxf7 23. Qxe4 Qxe4 24. fxe4 Re7 25. e5 Nd5 26. Bd3+ g6 27. Rab1 Reb7 28. Rxb2 Rxb2 29. e4 Nc3 30. e6 Kg7 31. d5 Rd2 32. Bc4 Rd4 33. Bb3 Nxe4 34. Kg2 g5 35. Kf3 Nf6 36. e7 Ne8 37. Ba4 Nd6 38. e8=Q Nxe8 39. Bxe8 Rxd5 40. Bh5 Rd2 41. Re2 Rd3+ 42. Kf2 Ra3 43. Rb2 Kf6 44. Kg2 Ke5 45. Bg4 Ke4 46. Be6 Ke3 47. Bf7 Kd4 48. h4 gxh4 49. gxh4 Ke5 50. Rf2 Kd6 51. h5 Ke7 52. Bg8 a5 53. Bb3 a4 54. Re2+ Kf6 55. Bc4 Kf5 56. Bf7 Kf6 57. Bg6 Kg5 58. Kh2 Kf6 59. Rb2 Kg5 60. Kg2 Kf6 61. Kf2 Kg5 62. Ke2 Kf6 63. Kd2 Ke5 64. Kc2 Kd4 65. Rb4+ Kc5 66. Rb2 Kd4 67. Bf7 Kc5 68. Kb1 Re3 69. Rc2+ 1-0


[Site "https://www.chess.com"]

[Event "Titled Tuesday Blitz July 26 Early 2022"]
[White "Atakhan, Abtin"]
[Black "Kuderinov, Kirill"]
[WhiteFideId "22502203"]
[BlackFideId "13701568"]
[WhiteElo "2087"]
[BlackElo "2465"]
[Result "1-0"]
[Round "07"]
[TimeControl "180+1"]
[Date "2022.07.26"]
[WhiteClock "0:00:17"]
[BlackClock "0:00:32"]

1. c4 Nf6 2. Nc3 g6 3. Nf3 Bg7 4. e4 d6 5. d4 O-O 6. Be2 Bg4 7. Be3 Nbd7 8. Ng1 Bxe2 9. Ngxe2 e5 10. f3 exd4 11. Nxd4 Re8 12. O-O Ne5 13. b3 Nc6 14. Qd2 Nxd4 15. Bxd4 a6 16. Rad1 Qe7 17. Rfe1 Rab8 18. Kh1 Qe6 19. Nd5 Nxd5 20. cxd5 Qd7 21. Bxg7 Kxg7 22. Rc1 Kg8 23. Rc2 c5 24. dxc6 bxc6 25. Rd1 Red8 26. Qa5 Qb7 27. Rcd2 Qe7 28. Qxa6 Rbc8 29. Rxd6 Rxd6 30. Qxc8+ Kg7 31. Rg1 Qa7 32. a4 Qb6 33. e5 Re6 34. f4 Qxb3 35. a5 Qa4 36. a6 c5 37. Qxc5 Rxa6 38. Qf2 Qe4 39. Re1 Qf5 40. h3 Rc6 41. Qb2 Rc2 42. Qd4 Qe6 43. Qe4 Rc4 44. Qf3 h5 45. Rf1 Qf5 46. Qe3 Rc2 47. Qd4 Kh7 48. Qd5 Re2 49. Qb3 Re4 50. g4 hxg4 51. hxg4 Qd7 52. Qh3+ Kg8 53. f5 Rxe5 54. fxg6 fxg6 55. Qb3+ Kh7 56. Rf7+ Qxf7 57. Qxf7+ Kh6 58. Qf4+ 1-0


[Site "https://www.chess.com"]

[Event "Titled Tuesday Blitz July 26 Early 2022"]
[White "Avalos Parra, Joao"]
[Black "Ambartsumova, Karina"]
[WhiteFideId "3402541"]
[BlackFideId "4166299"]
[WhiteElo "2173"]
[BlackElo "2262"]
[Result "1/2-1/2"]
[Round "07"]
[TimeControl "180+1"]
[Date "2022.07.27"]
[WhiteClock "0:00:06"]
[BlackClock "0:00:05"]

1. d4 Nf6 2. Nf3 g6 3. Nbd2 d5 4. b4 Bg7 5. e3 O-O 6. c4 a5 7. b5 c5 8. Bb2 Nbd7 9. Be2 b6 10. O-O Bb7 11. a4 Rc8 12. Rc1 e6 13. Qb3 Qe7 14. Rfe1 Rfd8 15. Bf1 Ne4 16. Nxe4 dxe4 17. Nd2 Qg5 18. Qc2 f5 19. Nb3 cxd4 20. Nxd4 Nc5 21. Red1 Nd3 22. Nxe6 Qe7 23. Nxg7 Nxb2 24. Qxb2 Qxg7 25. Qxg7+ Kxg7 26. Rd4 Kf6 27. Rcd1 Ke7 28. Be2 Rxd4 29. exd4 Kd6 30. Kf1 g5 31. Ke1 h6 32. Kd2 f4 33. Rc1 Rc7 34. f3 e3+ 35. Kd3 Bc8 36. Kc3 Bf5 37. Bd3 Be6 38. Re1 h5 39. g3 h4 40. gxf4 gxf4 41. Rg1 Ke7 42. Rg7+ Kd6 43. Rxc7 Kxc7 44. d5 Bh3 45. Be2 Bf5 46. Kd4 Kd6 47. Bd3 Bxd3 48. Kxd3 Kc5 49. Ke2 h3 50. Kd3 Kd6 51. Ke2 Kc5 52. Kd3 Kd6 53. Ke2 Kc5 1/2-1/2


[Site "https://www.chess.com"]